 Dungeon Crawl Stone Soup version 0.27.1 (webtiles) character file.

Game seed: 12234582210731738203

184 Malachi the Slasher (level 5, -3/42 HPs)
             Began as a Vampire Berserker on Aug 24, 2021.
             Was a Believer of Trog.
             Slain by an orc priest (7 damage)
             ... on level 3 of the Dungeon.
             The game lasted 00:01:59 (1697 turns).

Malachi the Slasher (Vampire Berserker)             Turns: 1697, Time: 00:02:00

Health: -3/42      AC:  4    Str: 17    XL:     5   Next: 36%
Magic:  5/5        EV: 12    Int: 10    God:    Trog [**....]
Gold:   131        SH:  0    Dex: 13    Spells: 4/4 levels left

rFire    . . .     SeeInvis +   a - +0 falchion
rCold    . . .     Faith    .   (no shield)
rNeg     . . .     Spirit   .   b - +1 animal skin
rPois    .         Reflect  .   (no helmet)
rElec    .         Harm     .   l - +0 cloak
rCorr    .         Rampage  .   (no gloves)
Will     .....                  (no boots)
Stlth    ++........             (no amulet)
HPRegen  0.34/turn              (no ring)
MPRegen  0.09/turn              (no ring)

@: on berserk cooldown, healing quickly, slowed, very slow
A: alive, fangs 3, see invisible, vampiric 2
a: Exsanguinate, Renounce Religion, Berserk, Trog's Hand


You were on level 3 of the Dungeon.
You worshipped Trog.
Trog was pleased with you.
You visited 1 branch of the dungeon, and saw 3 of its levels.

You collected 131 gold pieces.

Inventory:

Hand Weapons
 a - a +0 falchion (weapon)
 k - a +3 quarterstaff of chaos
Armour
 b - a +1 animal skin (worn)
 l - a +0 cloak (worn)
Wands
 i - a wand of digging (6)
Scrolls
 c - 2 scrolls of teleportation
 d - 3 scrolls of identify
 e - a scroll of enchant armour
Potions
 f - 2 potions of curing
 h - a potion of flight {unknown}
 j - a potion of mutation {unknown}


   Skills:
 + Level 3.7 Fighting
 + Level 4.8 Long Blades
 + Level 1.7 Armour
 + Level 3.0 Dodging
 + Level 0.9 Stealth


You had 4 spell levels left.
You didn't know any spells.
Your spell library was empty.

Dungeon Overview and Level Annotations

Branches:
Dungeon (3/15)

Altars:
Hepliaklqana

Shops:
D:1 ?


Innate Abilities, Weirdness & Mutations

Your natural rate of healing is accelerated.
You have razor-sharp teeth.
You have supernaturally acute eyesight. (SInv)
You are afflicted with vampirism and can become a bat while bloodless.


Message History

Beogh smites you!
You hear a shout!
You are too injured to fight recklessly!
You are too injured to fight recklessly!
A red film seems to cover your vision as you go berserk!
You feel yourself moving faster!
You feel mighty!
The orc priest calls down the wrath of Beogh upon you.
Beogh smites you! The ball python bites you.
The ball python completely misses you.
You feel a strong urge to attack something.
A goblin comes into view. It is wielding a +0 dagger.
The ball python closely misses you. x2
Things that are here:
a +0 dagger; a +0 hand axe; an orc corpse
Found 13 gold pieces.
The orc priest looks satisfied for a moment.
Found a stone staircase leading down.
You feel your anger nearly subside.
The orc priest hits you with a +0 hand axe.
You hit the orc priest.
The orc priest is moderately wounded.
You are no longer berserk.
You are exhausted.
You feel yourself slow down. The ball python barely misses you.
The ball python grabs you. The ball python constricts you.
You hit the orc priest but do no damage.
You bite the orc priest, but do no damage.
The orc priest is moderately wounded.
The orc priest hits you but does no damage.
The ball python closely misses you. The ball python constricts you.
The orc priest calls down the wrath of Beogh upon you.
Pain shoots through your body!
* * * LOW HITPOINT WARNING * * *
The ball python closely misses you.
You riposte.
You hit the ball python.
You kill the ball python!
Trog accepts your kill.
You hit the orc priest.
The orc priest is severely wounded.
The orc priest hits you with a +0 hand axe!
You die...

...#............
.$+............
##.#.....?.....
..#..$.......
#.........#
#.........#
#...).....#
#@.).)....#
#...ro..######.####
.....g#..# #....#
.........#########.#
.#....#............#
..#...#...###....####
> ... #.#.#.'....'..#
.... ....#.#....##.#
# #######.####


You could see an orc priest, a quokka and a goblin.

Vanquished Creatures
  A scorpion (D:3)
  Crazy Yiuf (D:2)
  4 adders
  2 dart slugs
  4 orcs (D:3)
  8 ball pythons
  5 endoplasms
  3 giant cockroaches
  4 hobgoblins
  A quokka (D:2)
  3 bats
  6 goblins
  4 kobolds
  6 rats
52 creatures vanquished.

Vanquished Creatures (others)
  3 plants (D:3)
3 creatures vanquished.

Grand Total: 55 creatures vanquished

Notes
Turn   | Place    | Note
-------+----------+-------------------------------------------
     0 | D:1      | Malachi the Vampire Berserker began the quest for the Orb.
     0 | D:1      | Reached XP level 1. HP: 17/17 MP: 1/1
   375 | D:1      | Found a faded altar of an unknown god.
   490 | D:1      | Found Porruum's Magic Scroll Shop.
   868 | D:2      | Reached XP level 2. HP: 23/23 MP: 2/2
   947 | D:2      | Gained mutation: You are afflicted with vampirism and can
                  | become a bat while bloodless. [Vampire growth]
   947 | D:2      | Reached XP level 3. HP: 29/29 MP: 3/3
  1119 | D:2      | Found a hazy altar of Hepliaklqana.
  1392 | D:2      | Found a runed translucent door.
  1393 | D:2      | Noticed Crazy Yiuf
  1465 | D:2      | Killed Crazy Yiuf
  1466 | D:2      | Reached skill level 4 in Long Blades
  1466 | D:2      | Reached XP level 4. HP: 15/35 MP: 4/4
  1585 | D:3      | Noticed a scorpion
  1593 | D:3      | Killed a scorpion
  1593 | D:3      | Reached ** piety under Trog
  1594 | D:3      | Reached XP level 5. HP: 42/42 MP: 5/5
  1697 | D:3      | Slain by an orc priest

Illustrated notes

Levels and vault maps discovered:
D:1:      amcnicky_arrival_double_pillar, layout_basic, serial_shops,
          shop_statue, ebering_ecumenical_altar_webs
D:2:      layout_basic, basic_altar, uniq_crazy_yiuf_cottage
D:3:      layout_basic, grunt_temple_overflow_growth_and_decay,
          gup_sewer_entry_spiral, corexii_hall_statues_deadend,
          minmay_three_crescents

Skill      XL: |  1  2  3  4  5 |
---------------+----------------+-----
Fighting       | 3 |  3.7
Long Blades    | 4 |  4.8
Dodging        | 3 |  3.0
Armour         | |  1.7
Stealth        | |  0.9

Action                   |  1- 3 |  4- 6 || total
-------------------------+-------+-------++-------
Melee: Falchion          |    82 |    33 ||   115
       Bite              |    11 |     8 ||    19
Invok: Berserk           |     2 |     2 ||     4
  Use: Scroll            |     6 |     1 ||     7
 Stab: Sleeping          |     1 |       ||     1
Armor: Animal skin       |    16 |    16 ||    32
Dodge: Dodged            |    52 |    39 ||    91
       Rpst.: Falchion   |    18 |     7 ||    25
